 Dungeon Crawl Stone Soup version 0.17-a0-146-gd505748 (webtiles) character file.

20 BluebellGnoll the Stinger (level 2, -1/13 HPs)
             Began as a Vine Stalker Venom Mage on Mar 25, 2015.
             Slain by a worm (3 damage)
             ... on level 2 of the Dungeon.
             The game lasted 00:04:52 (1120 turns).

BluebellGnoll the Stinger (Vine Stalker Venom Mage) Turns: 1120, Time: 00:04:52

Health: -1/13      AC:  2    Str: 10    XL:     2   Next: 79%
Magic:  0/5        EV: 12    Int: 15    God:
Gold:   49         SH:  0    Dex: 14    Spells: 2 memorised, 2 levels left

rFire  . . .     SeeInvis .       - Unarmed
rCold  . . .     Clarity  .     a - +0 robe
rNeg   . . .     SustAb   +     (no shield)
rPois  .         Gourm    .     (no helmet)
rElec  .         Spirit   +     (no cloak)
rCorr  .         Warding  .     (no gloves)
rMut   .         Stasis   .     (no boots)
MR     .....                    (no amulet)
Stlth  ++........               (no ring)
                                q - ring of sustain abilities

@: very slightly contaminated, not resistant to hostile enchantments, unstealthy
A: fangs 2, regeneration 1, magic shield, antimagic bite, no device heal 3, rot
immunity
a: no special abilities


You were on level 2 of the Dungeon.
You were very hungry.

You visited 1 branch of the dungeon, and saw 2 of its levels.

You collected 49 gold pieces.

Inventory:

Missiles
 f - 14 poisoned needles
 g - 40 stones (quivered)
Armour
 a - a +0 robe (worn)
Jewellery
 q - a ring of sustain abilities (left hand)
Scrolls
 i - a scroll of enchant armour {unknown}
 k - 2 scrolls of amnesia
 m - 2 scrolls of identify {unknown}
 p - a scroll of teleportation {unknown}
Potions
 d - a potion of brilliance {unknown}
 h - a potion of lignification {unknown}
 j - a potion of heal wounds {unknown}
 l - a potion of haste {unknown}
 n - 2 potions of curing {unknown}
 o - a potion of restore abilities {unknown}
Books
 b - a Young Poisoner's Handbook

   Spells                             Type                      Level
   a - Sting                          Conjuration/Poison           1
   b - Cure Poison                    Poison                       2
   c - Mephitic Cloud                 Conjuration/Poison/Air       3
   d - Olgreb's Toxic Radiance        Poison                       4
   e - Venom Bolt                     Conjuration/Poison           5
Comestibles
 c - a bread ration


   Skills:
 - Level 1.5 Dodging
 - Level 2.4 Stealth
 + Level 2.3 Unarmed Combat
 - Level 2.1 Spellcasting
 - Level 4.0 Poison Magic


You had 2 spell levels left.
You knew the following spells:

 Your Spells              Type           Power        Failure   Level  Hunger
a - Sting                 Conj/Pois      #...         12%         1    #......
b - Cure Poison           Pois           ##........   8%          2    ###....


Dungeon Overview and Level Annotations

Branches:
Dungeon (2/15)

Altars:


Innate Abilities, Weirdness & Mutations

You have extremely sharp teeth.
Your natural rate of healing is unusually fast.
When hurt, damage is shared between your health and your magic reserves.
Your bite disrupts and absorbs the magic of your enemies.
Potions and wands cannot restore your health.
You are immune to rotting.


Message History

Press: ? - help, Shift-Dir - straight line, f/p - jackal
Aim: a jackal The sting hits the jackal.
The jackal is poisoned.
The jackal closely misses you.
Unknown command.
Casting: Sting
Confirm with . or Enter, or press ? or * to list all spells.
Aiming: Sting
Press: ? - help, Shift-Dir - straight line, f - worm, p - jackal
Aim: a worm (almost dead)
The sting hits the worm.
The worm is almost dead.
The jackal completely misses you. The quokka bites you. The jackal bites you.
Unknown command.
The quokka bites you.
* * * LOW HITPOINT WARNING * * *
The jackal bites you.
* * * LOW HITPOINT WARNING * * *
The worm bites you.
You die...

# ##..... .## #.....
####..# ##.... #.>...#
#..##g #.....## .# #.
#......###. ..
##.!%...(... #
#...........#
####..@....#
#....rhw#......
#.....K.# ...#
####....#.##..##..
#..#....#...#... ##
#..###...........
#...#..#####.....!....
#.....................
#.........###.......


You could see a worm, a quokka, a jackal and a kobold.

Vanquished Creatures
  A giant mite (D:2)
  2 bats (D:1)
  A giant cockroach (D:1)
  2 goblins (D:1)
  2 hobgoblins (D:1)
  A giant gecko (D:1)
  A giant newt (D:1)
  A jackal (D:2)
  A kobold (D:1)
  2 rats (D:1)
14 creatures vanquished.

Notes
Turn   | Place    | Note
--------------------------------------------------------------
     0 | D:1      | BluebellGnoll, the Vine Stalker Venom Mage, began the quest for the Orb.
     0 | D:1      | Reached XP level 1. HP: 9/9 MP: 3/3
   170 | D:1      | Reached skill level 1 in Unarmed Combat
   249 | D:1      | Reached XP level 2. HP: 13/13 MP: 1/5
   291 | D:1      | Learned a level 2 spell: Cure Poison
  1120 | D:2      | Slain by a worm

Action                   || total
-------------------------++-------
Melee: Unarmed           ||    23
 Cast: Sting             ||    29
  Use: Scroll            ||     2
